Map: Traitor's Exile

Players

PopnoBelka

  • Race: Zerg Zerg
  • Spawn Location: 12:00

festReasOn

  • Race: Zerg Zerg
  • Spawn Location: 9:00

ILIEKEGGPIE - Winner!

  • Race: Protoss Protoss
  • League: Platinum
  • Spawn Location: 5:00

lllllllllll - Winner!

  • Race: Terran Terran
  • League: Master
  • Spawn Location: 6:00

VOD

Have the link to the VOD?

Description

Time

  • Played on: June 5, 2018, 10:10 p.m.
  • Length: 9:29
Show
View Real Time Build Order
Export as new Build Order

PopnoBelka Zerg 

Build Orders: Pool First 

Get SALT Encoding   

  12  0:02  Drone  
  13  0:09  Drone  
  14  0:29  Spawning Pool  
  14  0:30  Drone  
  14  0:42  Extractor  
  13  0:43  Drone  
  13  0:44  Extractor  
  13  0:45  Drone  
  15  0:51  Overlord  
  15  1:16  Zergling x2  
  15  1:17  Queen, Zergling x4  
  20  1:28  Zergling x2  
  21  1:38  Overlord  
  21  1:45  Metabolic Boost  
  21  1:52  Drone  
  22  1:56  Queen  
  24  2:05  Zergling x2  
  25  2:21  Zergling x2  
  25  2:27  Zergling x2  
  25  2:28  Zergling x6  
  28  2:39  Zergling x2  
  27  2:46  Baneling Nest  
  26  3:04  Zergling x4  
  28  3:05  Hatchery  
  27  3:14  Overlord  
  25  3:30  Zergling x6  
  28  3:37  Zergling x2  
  29  3:45  Lair  
  29  3:54  Drone  
  30  3:57  Extractor  
  29  4:03  Overlord  
  29  4:10  Drone  
  29  4:12  Baneling  
  29  4:13  Baneling  
  30  4:17  Baneling  
  30  4:21  Drone  
  31  4:31  Drone  
  28  4:48  Spire  
  24  5:02  Zergling x4  
  26  5:07  Drone  
  26  5:08  Drone  
  28  5:15  Drone  
  28  5:17  Baneling  
  29  5:28  Drone x2  
  31  5:38  Drone x2  
  33  5:43  Drone  
  34  5:57  Overlord  
  34  5:58  Spore Crawler  
  34  5:59  Drone  
  34  6:11  Drone x2  
  34  6:12  Drone  
  34  6:13  Drone  
  38  6:23  Queen  
  40  6:33  Spore Crawler  
  40  6:34  Overlord  
  36  6:50  Mutalisk x2  
  39  6:56  Corruptor  
  41  7:04  Overlord  
  41  7:19  Corruptor  
  43  7:25  Spore Crawler  
  42  7:30  Corruptor  
  44  7:41  Corruptor  
  46  7:51  Corruptor  
  46  8:07  Corruptor  
  46  8:09  Drone  
  46  8:12  Drone  
  50  8:18  Drone  
  51  8:26  Overlord  
  51  8:44  Baneling  
  51  8:45  Baneling x8  
  51  8:49  Corruptor  
Show
View Real Time Build Order
Export as new Build Order

festReasOn Zerg 

Build Orders: Pool First 

Get SALT Encoding   

  12  0:01  Drone  
  13  0:09  Drone  
  14  0:19  Overlord  
  14  0:25  Extractor  
  14  0:26  Drone  
  14  0:44  Spawning Pool  
  14  0:46  Drone  
  14  0:51  Drone  
  14  0:56  Drone  
  16  1:09  Drone x2  
  18  1:21  Overlord  
  18  1:40  Metabolic Boost  
  18  1:53  Hatchery, Zergling x2  
  18  1:58  Zergling x2  
  19  2:01  Zergling x2  
  20  2:13  Queen  
  22  2:18  Zergling x2  
  23  2:25  Zergling x2  
  24  2:34  Roach Warren  
  24  2:35  Zergling x2  
  24  2:45  Zergling x2  
  24  2:50  Zergling x2  
  24  3:03  Zergling x2  
  25  3:13  Zergling x2  
  25  3:14  Zergling x2  
  25  3:19  Overlord  
  25  3:27  Roach x2  
  25  3:34  Zergling x2  
  30  3:38  Roach  
  30  3:45  Queen  
  31  3:50  Roach x2  
  35  3:56  Roach  
  37  4:03  Roach  
  37  4:06  Drone  
  40  4:13  Drone  
  41  4:21  Overlord  
  38  4:26  Roach  
  38  4:32  Roach  
  38  4:35  Drone  
  41  4:44  Roach x2  
  39  4:59  Roach x3  
  45  5:05  Roach  
  47  5:07  Drone  
  48  5:19  Lair  
  48  5:22  Drone  
  48  5:25  Drone  
  46  5:42  Drone x5  
  49  5:49  Spine Crawler  
  48  5:54  Drone  
  47  6:11  Spine Crawler  
  47  6:14  Spine Crawler  
  47  6:17  Drone x3  
  48  6:22  Glial Reconstitution  
  48  6:31  Spine Crawler  
  47  6:34  Drone  
  48  6:41  Evolution Chamber  
  48  6:46  Drone x2  
  47  7:03  Drone x2  
  47  7:04  Drone x3  
  52  7:10  Spore Crawler  
  52  7:13  Spore Crawler  
  48  7:17  Spore Crawler  
  47  7:27  Drone x4  
  50  7:40  Overlord x2  
  50  7:44  Spore Crawler  
  50  7:48  Extractor  
  48  7:53  Hydralisk Den  
  47  7:59  Drone x5  
  47  8:04  Extractor  
  51  8:12  Drone x3  
  54  8:18  Queen  
  56  8:29  Hydralisk x2  
  56  8:33  Overlord x2  
  60  8:43  Spore Crawler  
  59  8:52  Hydralisk x3  
  65  8:59  Hydralisk  
  65  9:00  Hydralisk  
  65  9:02  Zergling x2  
  60  9:12  Zergling x2  
Show
View Real Time Build Order
Export as new Build Order

ILIEKEGGPIE Protoss - Winner!

Build Orders:  

Get SALT Encoding   

  12  0:02  Probe  
  13  0:14  Probe  
  13  0:19  Pylon  
  14  0:25  Probe  
  15  0:33  Probe  
  16  0:43  Probe  
  16  0:44  Gateway  
  17  0:55  Probe  
  18  0:58  Assimilator  
  18  1:08  Probe  
  19  1:13  Assimilator  
  19  1:17  Pylon  
  19  1:22  Probe  
  20  1:34  Gateway  
  20  1:37  Pylon  
  20  1:44  Cybernetics Core  
  20  1:49  Probe  
  20  2:01  Probe  
  21  2:13  Pylon  
  21  2:16  Pylon  
  21  2:21  Warp Gate  
  20  2:24  Adept x2  
  24  2:58  Adept  
  24  3:01  Pylon  
  24  3:03  Adept  
  28  3:30  Adept  
  26  3:44  Pylon  
  26  3:46  Pylon  
  26  3:57  Adept x2  
  30  4:03  Nexus  
  30  4:07  Stargate  
  30  4:22  Probe  
  31  4:34  Probe  
  32  4:46  Probe  
  32  4:49  Pylon  
  33  5:07  Phoenix  
  33  5:08  Probe  
  33  5:09  Stalker  
  33  5:11  Stalker  
  33  5:13  Probe  
  40  5:20  Probe  
  42  5:21  Probe  
  42  5:24  Stargate  
  43  5:32  Probe  
  44  5:41  Adept  
  44  5:42  Adept  
  48  5:43  Phoenix  
  48  5:53  Probe  
  48  5:54  Probe  
  52  6:05  Probe  
  52  6:06  Phoenix  
  52  6:10  Phoenix  
  57  6:18  Twilight Council  
  57  6:19  Probe  
  57  6:23  Probe  
  59  6:26  Phoenix  
  59  6:33  Probe  
  59  6:35  Probe  
  63  6:45  Probe  
  63  6:46  Resonating Glaives  
  64  6:47  Probe  
  64  6:49  Phoenix  
  64  6:52  Pylon  
  67  6:59  Probe  
  68  7:11  Phoenix  
  68  7:12  Probe  
  71  7:18  Probe  
  71  7:20  Assimilator  
  71  7:21  Assimilator  
  72  7:23  Pylon  
  72  7:24  Probe  
  73  7:43  Stalker x2  
  77  7:51  Probe  
  77  7:54  Gateway  
  77  7:55  Gateway  
  76  8:10  Nexus  
  76  8:11  Probe x2  
  76  8:12  Pylon  
  78  8:15  Forge  
  78  8:18  Forge  
  78  8:20  Pylon  
  78  8:23  Probe x2  
  80  8:37  Gateway  
  80  8:39  Dark Shrine  
  80  8:42  Gateway  
  80  8:43  Adept x2  
Show
View Real Time Build Order
Export as new Build Order

lllllllllll Terran - Winner!

Build Orders: MMM Bio 

Get SALT Encoding   

  12  0:01  SCV  
  13  0:13  SCV  
  14  0:18  Supply Depot  
  14  0:25  SCV  
  15  0:29  Refinery  
  15  0:39  SCV  
  16  0:46  Barracks  
  16  0:52  SCV  
  17  1:03  Barracks  
  17  1:07  SCV  
  18  1:19  SCV  
  18  1:25  Barracks  
  19  1:33  Reaper  
  20  1:41  Orbital Command  
  20  1:47  Refinery  
  20  1:57  Supply Depot  
  20  1:59  Reaper  
  21  2:07  Reaper  
  22  2:10  SCV  
  23  2:23  SCV  
  23  2:28  Reaper  
  25  2:31  Reaper  
  25  2:35  SCV  
  27  2:43  Reaper  
  28  2:48  SCV  
  28  2:50  Supply Depot  
  29  2:57  Supply Depot  
  29  3:00  Reaper, SCV  
  31  3:12  SCV  
  32  3:14  Reaper  
  33  3:30  Command Center  
  33  3:34  SCV  
  34  3:44  Reaper  
  34  3:45  Reaper  
  34  3:46  SCV  
  37  3:49  Reaper  
  38  3:58  SCV  
  39  4:06  Command Center  
  39  4:13  SCV  
  39  4:16  Reaper  
  41  4:17  Reaper  
  42  4:25  SCV  
  42  4:32  Reaper  
  43  4:44  SCV  
  43  4:45  Orbital Command  
  44  5:03  SCV  
  44  5:05  Barracks Tech Lab  
  44  5:06  Barracks Tech Lab  
  43  5:07  Barracks Reactor  
  43  5:10  SCV  
  44  5:15  SCV  
  44  5:20  Factory  
  45  5:22  Bunker, SCV  
  45  5:24  Marine  
  45  5:26  Stimpack  
  45  5:27  SCV  
  48  5:32  Supply Depot  
  48  5:40  SCV x2  
  49  5:45  Marine x4  
  53  5:52  Supply Depot, SCV x2  
  53  5:54  Orbital Command  
  55  5:58  Refinery  
  55  6:02  Marine  
  55  6:03  Refinery  
  56  6:04  SCV x2  
  56  6:06  Marine  
  56  6:07  Starport, Marine  
  56  6:11  Engineering Bay, Factory Reactor  
  59  6:12  Marine  
  59  6:13  Engineering Bay  
  59  6:16  SCV  
  59  6:17  SCV  
  62  6:20  Marine, SCV  
  62  6:24  Marine x2  
  66  6:28  SCV  
  66  6:29  SCV  
  66  6:30  Barracks  
  68  6:32  SCV  
  68  6:37  Barracks  
  69  6:40  SCV  
  69  6:41  SCV  
  69  6:44  Marine x4  
  69  6:45  SCV  
  76  6:49  Supply Depot  
  76  6:53  SCV x2  
  78  6:57  SCV  
  76  7:02  Marine x3  
  76  7:03  Medivac, Marine  
  76  7:04  Medivac, Factory Tech Lab  
  76  7:05  SCV  
  76  7:07  SCV, Combat Shields  
  86  7:15  SCV  
  87  7:16  Supply Depot  
  87  7:17  SCV  
  87  7:20  Marine  
  87  7:22  Marine x2, Supply Depot, SCV  
  91  7:23  Siege Tank  
  91  7:25  Terran Infantry Weapons Level 1, Terran Infantry Armor Level 1  
  91  7:28  Armory, Concussive Shells, SCV  
  97  7:30  Barracks Tech Lab  
  97  7:31  Barracks Reactor  
  97  7:32  SCV  
  97  7:48  SCV x2  
  97  7:49  Marine x3, SCV  
  97  7:50  Marine  
  104  7:52  Medivac x2  
  104  7:55  Supply Depot  
  104  7:57  Supply Depot  
  104  7:58  Missile Turret  
  108  8:00  SCV  
  108  8:01  SCV, Missile Turret  
  108  8:04  Missile Turret  
  108  8:05  Marine  
  110  8:07  Marine  
  112  8:15  SCV  
  112  8:16  SCV  
  112  8:19  Factory Tech Lab  
  114  8:24  Missile Turret  
  114  8:29  Marine, Factory  
  114  8:30  Marine  
  114  8:31  Medivac x2  
  120  8:35  Supply Depot x2  
  120  8:36  Supply Depot  
  120  8:48  Command Center  
  114  9:08  Marine x5  
  114  9:09  Marine x2  
Tags
 
Add a new tag
Caveats
  • Supply blocks, unpowered buildings, or Contaminate may cause inaccurate times.
  • Supply counts are checked every 10 seconds.